Workbook

Sheet Параметры
A1: Параметр (меняйте значения в колонке B) | B1: Значение
A2: Продаж в месяц на полной загрузке, шт. | B2: 12
A3: Средняя маржа на автомобиль, ₽ | B3: 110000
A4: Доход от кредита и страховок на машину, ₽ | B4: 15000
A5: Месяцев до выхода на план | B5: 4
A6: Аренда в месяц, ₽ | B6: 180000
A7: Сотрудников | B7: 4
A8: Средний оклад, ₽ | B8: 60000
A9: Страховые взносы, % | B9: 30
A10: Реклама в месяц, ₽ | B10: 120000
A11: Прочие расходы в месяц, ₽ | B11: 60000
A12: Комиссия менеджеров от маржи, % | B12: 10
A13: Машин на складе | B13: 15
... A17: Налог от прибыли, % | B17: 15
A19: Постоянные расходы в месяц, ₽ | B19: =B6+B7*B8*(1+B9/100)+B10+B11
A20: Деньги в складе, ₽ | B20: =B13*B14
A21: Проценты на склад в месяц, ₽ | B21: =B20*B15/100/12
A22: Стартовые вложения, ₽ | B22: =B16+B20
A23: Точка безубыточности, машин в месяц | B23: =(B19+B21)/(B3+B4-B3*B12/100)
A26: Модель A777AA — a777aa.ru/instrumenty/biznes-plan-avtoploshchadki/. Цифры по умолчанию условные.

Sheet План на 24 месяца
A1: Месяц | B1: Продаж | C1: Валовой доход, ₽ | D1: Комиссии, ₽ | E1: Постоянные и проценты, ₽ | F1: Прибыль до налога, ₽ | G1: Налог, ₽ | H1: Чистая прибыль, ₽ | I1: Накопительно, ₽
A2: 1 | B2: =ROUND(Параметры!$B$2*MIN(1,A2/Параметры!$B$5),1) | C2: =B2*(Параметры!$B$3+Параметры!$B$4) | D2: =B2*Параметры!$B$3*Параметры!$B$12/100 | E2: =Параметры!$B$19+Параметры!$B$21 | F2: =C2-D2-E2 | G2: =MAX(0,F2)*Параметры!$B$17/100 | H2: =F2-G2 | I2: =-Параметры!$B$22+H2
A3: 2 | B3: =ROUND(Параметры!$B$2*MIN(1,A3/Параметры!$B$5),1) | C3: =B3*(Параметры!$B$3+Параметры!$B$4) | D3: =B3*Параметры!$B$3*Параметры!$B$12/100 | E3: =Параметры!$B$19+Параметры!$B$21 | F3: =C3-D3-E3 | G3: =MAX(0,F3)*Параметры!$B$17/100 | H3: =F3-G3 | I3: =I2+H3
A4: 3 | B4: =ROUND(Параметры!$B$2*MIN(1,A4/Параметры!$B$5),1) | C4: =B4*(Параметры!$B$3+Параметры!$B$4) | D4: =B4*Параметры!$B$3*Параметры!$B$12/100 | E4: =Параметры!$B$19+Параметры!$B$21 | F4: =C4-D4-E4 | G4: =MAX(0,F4)*Параметры!$B$17/100 | H4: =F4-G4 | I4: =I3+H4
A5: 4 | B5: =ROUND(Параметры!$B$2*MIN(1,A5/Параметры!$B$5),1) | C5: =B5*(Параметры!$B$3+Параметры!$B$4) | D5: =B5*Параметры!$B$3*Параметры!$B$12/100 | E5: =Параметры!$B$19+Параметры!$B$21 | F5: =C5-D5-E5 | G5: =MAX(0,F5)*Параметры!$B$17/100 | H5: =F5-G5 | I5: =I4+H5
A6: 5 | B6: =ROUND(Параметры!$B$2*MIN(1,A6/Параметры!$B$5),1) | C6: =B6*(Параметры!$B$3+Параметры!$B$4) | D6: =B6*Параметры!$B$3*Параметры!$B$12/100 | E6: =Параметры!$B$19+Параметры!$B$21 | F6: =C6-D6-E6 | G6: =MAX(0,F6)*Параметры!$B$17/100 | H6: =F6-G6 | I6: =I5+H6
A7: 6 | B7: =ROUND(Параметры!$B$2*MIN(1,A7/Параметры!$B$5),1) | C7: =B7*(Параметры!$B$3+Параметры!$B$4) | D7: =B7*Параметры!$B$3*Параметры!$B$12/100 | E7: =Параметры!$B$19+Параметры!$B$21 | F7: =C7-D7-E7 | G7: =MAX(0,F7)*Параметры!$B$17/100 | H7: =F7-G7 | I7: =I6+H7
A8: 7 | B8: =ROUND(Параметры!$B$2*MIN(1,A8/Параметры!$B$5),1) | C8: =B8*(Параметры!$B$3+Параметры!$B$4) | D8: =B8*Параметры!$B$3*Параметры!$B$12/100 | E8: =Параметры!$B$19+Параметры!$B$21 | F8: =C8-D8-E8 | G8: =MAX(0,F8)*Параметры!$B$17/100 | H8: =F8-G8 | I8: =I7+H8
A9: 8 | B9: =ROUND(Параметры!$B$2*MIN(1,A9/Параметры!$B$5),1) | C9: =B9*(Параметры!$B$3+Параметры!$B$4) | D9: =B9*Параметры!$B$3*Параметры!$B$12/100 | E9: =Параметры!$B$19+Параметры!$B$21 | F9: =C9-D9-E9 | G9: =MAX(0,F9)*Параметры!$B$17/100 | H9: =F9-G9 | I9: =I8+H9
A10: 9 | B10: =ROUND(Параметры!$B$2*MIN(1,A10/Параметры!$B$5),1) | C10: =B10*(Параметры!$B$3+Параметры!$B$4) | D10: =B10*Параметры!$B$3*Параметры!$B$12/100 | E10: =Параметры!$B$19+Параметры!$B$21 | F10: =C10-D10-E10 | G10: =MAX(0,F10)*Параметры!$B$17/100 | H10: =F10-G10 | I10: =I9+H10
A11: 10 | B11: =ROUND(Параметры!$B$2*MIN(1,A11/Параметры!$B$5),1) | C11: =B11*(Параметры!$B$3+Параметры!$B$4) | D11: =B11*Параметры!$B$3*Параметры!$B$12/100 | E11: =Параметры!$B$19+Параметры!$B$21 | F11: =C11-D11-E11 | G11: =MAX(0,F11)*Параметры!$B$17/100 | H11: =F11-G11 | I11: =I10+H11
A12: 11 | B12: =ROUND(Параметры!$B$2*MIN(1,A12/Параметры!$B$5),1) | C12: =B12*(Параметры!$B$3+Параметры!$B$4) | D12: =B12*Параметры!$B$3*Параметры!$B$12/100 | E12: =Параметры!$B$19+Параметры!$B$21 | F12: =C12-D12-E12 | G12: =MAX(0,F12)*Параметры!$B$17/100 | H12: =F12-G12 | I12: =I11+H12
A13: 12 | B13: =ROUND(Параметры!$B$2*MIN(1,A13/Параметры!$B$5),1) | C13: =B13*(Параметры!$B$3+Параметры!$B$4) | D13: =B13*Параметры!$B$3*Параметры!$B$12/100 | E13: =Параметры!$B$19+Параметры!$B$21 | F13: =C13-D13-E13 | G13: =MAX(0,F13)*Параметры!$B$17/100 | H13: =F13-G13 | I13: =I12+H13
A14: 13 | B14: =ROUND(Параметры!$B$2*MIN(1,A14/Параметры!$B$5),1) | C14: =B14*(Параметры!$B$3+Параметры!$B$4) | D14: =B14*Параметры!$B$3*Параметры!$B$12/100 | E14: =Параметры!$B$19+Параметры!$B$21 | F14: =C14-D14-E14 | G14: =MAX(0,F14)*Параметры!$B$17/100 | H14: =F14-G14 | I14: =I13+H14
... A25: 24 | B25: =ROUND(Параметры!$B$2*MIN(1,A25/Параметры!$B$5),1) | C25: =B25*(Параметры!$B$3+Параметры!$B$4) | D25: =B25*Параметры!$B$3*Параметры!$B$12/100 | E25: =Параметры!$B$19+Параметры!$B$21 | F25: =C25-D25-E25 | G25: =MAX(0,F25)*Параметры!$B$17/100 | H25: =F25-G25 | I25: =I24+H25
